 Dungeon Crawl Stone Soup version 0.24.1-14-gf8d2b509d9 (webtiles) character file.

Game seed: 11263199233922236487, levelgen mode: deterministic

836303 Hugehornet the Impregnable (level 27, -11/155 HPs)
             Began as a Gargoyle Fighter on May 23, 2020.
             Was the Champion of Cheibriados.
             Killed by divine providence
             ... invoked by a mummy priest
              (12 damage)
             ... on level 3 of the Tomb of the Ancients.
             The game lasted 06:15:41 (84195 turns).

Hugehornet the Impregnable (Gargoyle Fighter)      Turns: 84195, Time: 06:15:42

Health: -11/155    AC: 70    Str: 45 (46) XL:     27
Magic:  14/53      EV: 29    Int: 48 (50) God:    Cheibriados [******]
Gold:   7125       SH: 35    Dex: 34 (37) Spells: 1/59 levels left

rFire    + + .     SeeInvis +   q - +10 broad axe of Ziph {freeze, Fragile Int+6 SInv Stlth+}
rCold    + . .     Gourm    .   l - +1 large shield
rNeg     + + +     Faith    .   B - +12 gold dragon scales
rPois    ∞         Spirit   .   c - +3 hat of Pondering {ponderous, MR+ MP+10 Int+5}
rElec    +         Reflect  +   W - +2 cloak "Pixzy" {*Corrode MR++ Str+3 SInv}
rCorr    +         Harm     .   j - +0 pair of fencer's gloves {Riposte Dex+3}
MR       +++++                  U - +1 pair of boots {Fly}
Stlth    ..........             w - +4 amulet of reflection
HPRegen  0.35/turn              s - ring "Uruceuzo" {rPois rN+ Dex+3}
MPRegen  0.33/turn              t - ring of Spite {rPois rN+ rCorr}

@: mighty, brilliant, agile, silence, aura of abjuration, flying, slowed, very
slow
A: big wings, hooves 1, agile 1, deterioration 1, fire resistance 1, frail 1,
magic resistance 1, negative energy resistance 1, sense surroundings 1,
screaming 1, electricity resistance, unbreathing, petrification resistance, no
potion heal 2, rot immunity, subdued magic 1, AC +20
}: 5/15 runes: decaying, slimy, silver, abyssal, gossamer
a: Stop Flying, Renounce Religion


You were on level 3 of the Tomb of the Ancients.
You worshipped Cheibriados.
Cheibriados was exalted by your worship.
You were not hungry.

You visited 13 branches of the dungeon, and saw 61 of its levels.
You visited the Abyss 3 times.
You visited 1 bazaar.
You also visited: Gauntlet, Ice Cave, Volcano and Desolation.

You collected 9235 gold pieces.
You spent 2110 gold pieces at shops.

Inventory:

Hand Weapons
 a - the +10 whip "Tytivaph" {flame, Dex+7}
   (You found it on level 14 of the Dungeon)

   It has been specially enchanted to burn those struck by it, causing extra
   injury to most foes and up to half again as much damage against particularly
   susceptible opponents.
   It affects your dexterity (+7).
 q - the +10 broad axe of Ziph (weapon) {freeze, Fragile Int+6 SInv Stlth+}
   (You found it in a Gauntlet)

   It has been specially enchanted to freeze those struck by it, causing extra
   injury to most foes and up to half again as much damage against particularly
   susceptible opponents.
   It can also slow down cold-blooded creatures.
   It affects your intelligence (+6).
   It lets you see invisible.
   It will be destroyed if unequipped.
   It makes you more stealthy.
 S - a +5 vampiric eveningstar
 V - a +4 sacred scourge of holy wrath
Armour
 c - the +3 hat of Pondering (worn) {ponderous, MR+ MP+10 Int+5}
   (You found it on level 3 of the Elven Halls)

   It affects your intelligence (+5).
   It affects your resistance to hostile enchantments.
   It affects your magic capacity (+10).
 j - the +0 pair of fencer's gloves (worn) {Riposte Dex+3}
   (You found it in a Gauntlet)

   It affects your dexterity (+3).
 l - a +1 large shield (worn)
 B - +12 gold dragon scales (worn)
 U - a +1 pair of boots of flying (worn)
 W - the +2 cloak "Pixzy" (worn) {*Corrode MR++ Str+3 SInv}
   (You found it on level 2 of the Depths)

   It affects your strength (+3).
   It affects your resistance to hostile enchantments.
   It lets you see invisible.
   It may corrode you when you take damage.
Jewellery
 d - the ring "Gujoyj" {MR+ Int+4 Dex+5 Stlth+}
   (You bought it in a shop on level 2 of the Orcish Mines)

   [ring of stealth]

   It affects your intelligence (+4).
   It affects your dexterity (+5).
   It affects your resistance to hostile enchantments.
   It makes you more stealthy.
 g - an uncursed amulet of regeneration
 k - the cursed ring of Elyvilon's Favour {rC++ rN+ EV-3 Int-2 Stlth+}
   (You found it on level 4 of the Realm of Zot)

   [ring of evasion]

   It affects your evasion (-3).
   It affects your intelligence (-2).
   It greatly protects you from cold.
   It protects you from negative energy.
   It makes you more stealthy.
   It has a curse placed upon it.
 o - the ring of the Unkillable {rF++ MR+ Str-5}
   (You took it off a tengu reaver on level 5 of the Vaults)

   [ring of protection from magic]

   It affects your strength (-5).
   It greatly protects you from fire.
   It affects your resistance to hostile enchantments.
 s - the ring "Uruceuzo" (left hand) {rPois rN+ Dex+3}
   (You found it in the Desolation of Salt)

   [ring of dexterity]

   It affects your dexterity (+3).
   It protects you from poison.
   It protects you from negative energy.
 t - the ring of Spite (right hand) {rPois rN+ rCorr}
   (You bought it in a shop on level 2 of the Orcish Mines)

   [ring of resist corrosion]

   It protects you from poison.
   It protects you from negative energy.
   It provides partial protection from all sources of acid and corrosion.
 w - a +4 amulet of reflection (around neck)
 D - the ring "Neerul" {Ice Int+7 Dex+2}
   (You found it on level 4 of the Depths)

   [ring of ice]

   It enhances your ice magic.
   It affects your intelligence (+7).
   It affects your dexterity (+2).
   It makes you vulnerable to fire.
   It protects you from cold.
 H - an uncursed ring of protection from fire
 N - an uncursed ring of protection from magic
 R - an uncursed ring of protection from cold
Wands
 C - a wand of clouds (22)
 P - a wand of iceblast (64)
 Z - a wand of digging (17)
Scrolls
 e - 28 scrolls of remove curse
 h - 6 scrolls of immolation
 u - 13 scrolls of enchant weapon
 v - 3 scrolls of fog
 x - 11 scrolls of teleportation
 y - 12 scrolls of fear
 A - 11 scrolls of magic mapping
 E - 5 scrolls of summoning
 F - 4 scrolls of amnesia
 I - 10 scrolls of torment
 J - 2 scrolls of brand weapon
 K - 6 scrolls of vulnerability
 O - 4 scrolls of blinking
 X - 2 scrolls of identify
 Y - 2 scrolls of holy word
Potions
 b - 12 potions of brilliance
 i - 5 potions of invisibility
 m - 5 potions of cancellation
 n - 20 potions of curing
 p - 13 potions of lignification
 r - 2 potions of mutation
 z - 2 potions of agility
 G - a potion of heal wounds
 L - 3 potions of might
 M - 9 potions of resistance
 Q - 3 potions of magic
 T - 12 potions of ambrosia
Comestibles
 f - 102 rations


   Skills:
 + Level 18.1 Fighting
 - Level 16.4(18.0) Axes
 - Level 14.0(17.5) Maces & Flails
 * Level 25.2 Armour
 + Level 14.3 Dodging
 * Level 21.5 Shields
 + Level 16.8 Spellcasting
 - Level 12.3 Conjurations
 - Level 9.0 Hexes
 - Level 13.5 Charms
 * Level 6.8 Summonings
 - Level 7.3 Necromancy
 - Level 2.8 Translocations
 - Level 8.5 Transmutations
 - Level 13.4 Air Magic
 - Level 12.9 Earth Magic
 - Level 12.8 Invocations


You had one spell level left.
You knew the following spells:

 Your Spells              Type           Power        Failure   Level  Hunger
a - Passwall              Tmut/Erth      #######.     0%          2    None
b - Lee's Rapid Deconstr  Erth           #######...   1%          5    None
c - Cause Fear            Hex            #######...   1%          4    None
d - Aura of Abjuration    Summ           #######...   1%          5    None
e - Silence               Hex/Air        #######...   1%          5    None
f - Airstrike             Air            ########..   1%          4    None
g - Iron Shot             Conj/Erth      #######...   1%          6    None
h - Lightning Bolt        Conj/Air       #######...   1%          5    None
i - Irradiate             Conj/Tmut      #######...   1%          5    None
j - Deflect Missiles      Chrm/Air       ########..   1%          6    None
k - Lesser Beckoning      Tloc           ######....   1%          3    None
l - Blink                 Tloc           N/A          1%          2    None
m - Dispel Undead         Necr           #######.     1%          5    None
n - Apportation           Tloc           ######       1%          1    None

Your spell library contained the following spells:

 Spells                   Type           Power        Failure   Level  Hunger
 Infusion                 Chrm           ####         0%          1    None
 Magic Dart               Conj           ####         0%          1    None
 Sandblast                Erth           ######       0%          1    None
 Shock                    Conj/Air       ####         0%          1    None
 Animate Skeleton         Necr           N/A          1%          1    None
 Beastly Appendage        Tmut           ######       1%          1    None
 Confusing Touch          Hex            ######       1%          1    None
 Corona                   Hex            #######      1%          1    None
 Freeze                   Ice            ####         1%          1    None
 Sting                    Conj/Pois      ####         1%          1    None
 Summon Small Mammal      Summ           ####         1%          1    None
 Searing Ray              Conj           ######       0%          2    None
 Song of Slaying          Chrm           ########     0%          2    None
 Swiftness                Chrm/Air       ########     0%          2    None
 Static Discharge         Conj/Air       #######.     0%          3    None
 Stone Arrow              Conj/Erth      ######       0%          3    None
 Call Imp                 Summ           #######.     1%          2    None
 Poisonous Vapours        Pois/Air       ######       1%          2    None
 Shroud of Golubria       Chrm/Tloc      ######       1%          2    None
 Slow                     Hex            #######.     1%          2    None
 Sticks to Snakes         Tmut           #######.     1%          2    None
 Throw Frost              Conj/Ice       ######       1%          2    None
 Call Canine Familiar     Summ           #######.     1%          3    None
 Conjure Flame            Conj/Fire      #######.     1%          3    None
 Dazzling Spray           Conj/Hex       ######       1%          3    None
 Gell's Gravitas          Tloc           ######....   1%          3    None
 Ignite Poison            Fire/Tmut/Pois ######..     1%          3    None
 Inner Flame              Hex/Fire       ######..     1%          3    None
 Mephitic Cloud           Conj/Pois/Air  #######.     1%          3    None
 Ozocubu's Armour         Chrm/Ice       #######.     1%          3    None
 Portal Projectile        Hex/Tloc       ######       1%          3    None
 Recall                   Summ/Tloc      N/A          1%          3    None
 Regeneration             Chrm/Necr      #######...   1%          3    None
 Spectral Weapon          Hex/Chrm       #######.     1%          3    None
 Spider Form              Tmut/Pois      ######....   1%          3    None
 Summon Guardian Golem    Hex/Summ       #######.     1%          3    None
 Teleport Other           Tloc           ######..     1%          3    None
 Animate Dead             Necr           N/A          1%          4    None
 Force Lance              Conj/Tloc      #######.     1%          4    None
 Fulminant Prism          Conj/Hex       #######...   1%          4    None
 Ice Form                 Ice/Tmut       ######..     1%          4    None
 Iskenderun's Mystic Bla  Conj           #######.     1%          4    None
 Leda's Liquefaction      Hex/Erth       #######...   1%          4    None
 Passage of Golubria      Tloc           N/A          1%          4    None
 Petrify                  Tmut/Erth      #######.     1%          4    None
 Summon Ice Beast         Ice/Summ       ######..     1%          4    None
 Summon Lightning Spire   Summ/Air       #######.     1%          4    None
 Throw Icicle             Conj/Ice       #######.     1%          4    None
 Alistair's Intoxication  Tmut/Pois      ######..     1%          5    None
 Blade Hands              Tmut           #######...   1%          5    None
 Bolt of Magma            Conj/Fire/Erth #######...   1%          5    None
 Borgnjor's Vile Clutch   Necr/Erth      #######...   1%          5    None
 Fireball                 Conj/Fire      #######...   1%          5    None
 Iskenderun's Battlesphe  Conj/Chrm      #######.     1%          5    None
 Summon Demon             Summ           #######...   1%          5    None
 Summon Forest            Summ/Tloc      ######....   1%          5    None
 Summon Mana Viper        Hex/Summ       #######.     1%          5    None
 Venom Bolt               Conj/Pois      #######...   1%          5    None
 Yara's Violent Unravell  Hex/Tmut       #######...   1%          5    None
 Conjure Ball Lightning   Conj/Air       #######...   1%          6    None
 Invisibility             Hex            #######.     1%          6    None
 Orb of Destruction       Conj           #######...   1%          7    None
 Shadow Creatures         Summ           N/A          2%          6    None
 Bolt of Fire             Conj/Fire      #######...   3%          6    None
 Spellforged Servitor     Conj/Summ      #######...   4%          7    None
 Simulacrum               Ice/Necr       ######....   10%         6    None
 Haunt                    Necr/Summ      #######...   12%         7    None
 Ring of Flames           Chrm/Fire      #######...   14%         7    None
 Death's Door             Chrm/Necr      #######...   22%         8    ##.....
 Discord                  Hex            #######...   36%         8    ##.....
 Necromutation            Tmut/Necr      #######...   50%         8    ##.....
 Borgnjor's Revivificati  Necr           #######...   56%         8    ##.....
 Infestation              Necr           #######...   56%         8    ##.....
 Tornado                  Air            ########..   65%         9    ####...
 Shatter                  Erth           #######...   69%         9    ####...
 Ignition                 Fire           ######....   100%        8    ##.....


Dungeon Overview and Level Annotations

Branches:
Dungeon (15/15)            Temple (1/1) D:7            Lair (6/6) D:10
  Swamp (4/4) Lair:4       Spider (4/4) Lair:3        Slime (5/5) Lair:6
    Orc (2/2) D:11            Elf (3/3) Orc:2        Vaults (5/5) D:14
  Crypt (3/3) Vaults:2       Tomb (3/3) Crypt:3      Depths (5/5) D:15
    Zot (5/5) Depths:5      IceCv (visited)         Volcano (visited)
Desolation (visited)      Gauntlet (visited)

Altars:
Ashenzari
Cheibriados
Dithmenos
Elyvilon
Fedhas
Gozag
Hepliaklqana
Kikubaaqudgha
Makhleb
Nemelex Xobeh
Okawaru
Qazlal
Ru
Sif Muna
Trog
Uskayaw
Vehumet
Wu Jian
Xom
Yredelemnul
Zin
The Shining One
Beogh
Jiyva
Lugonu

Shops:
Orc:2 *([(=   Elf:3 *   Vaults:4 *[?

Portals:
Hell: Depths:1 Depths:2 Depths:3 Depths:4 Depths:5
Abyss: Depths:3 Depths:4 Depths:5
Pandemonium: Depths:3
Ziggurat: Depths:5


Innate Abilities, Weirdness & Mutations

You are resistant to torment.
Your stone body is resilient. (AC +20)
You are immune to poison.
Your large and strong wings let you fly indefinitely.
You resist negative energy. (rN+)
You are resistant to electric shocks. (rElec)
You can survive without breathing.
You are immune to petrification.
You are immune to rotting.
You have large cloven feet.
You are agile. (Dex +2)
Your body sometimes deteriorates upon taking damage.
Your flesh is heat resistant. (rF+)
You are frail. (-10% HP)
You are resistant to hostile enchantments. (MR+)
You passively map a small area around you.
You occasionally shout uncontrollably at your foes.
Potions are poor at restoring your health.
Your spells are a little easier to cast, but a little less powerful.


Message History

You block the bennu's attack. The flying skull completely misses you.
You riposte.
You hit the flying skull but do no damage.
You slice the guardian mummy!! You freeze the guardian mummy.
You destroy the guardian mummy!
Cheibriados thoroughly appreciates the change of pace.
You feel extremely nervous for a moment...
You convulse helplessly as pain tears through your body!
* * * LOW HITPOINT WARNING * * *
You completely miss the death scarab. You slash the mummy priest!
You freeze the mummy priest. You hit the iron dragon skeleton.
You slice the skeletal warrior like a ripe choko!!!
You freeze the skeletal warrior.
You destroy the skeletal warrior!
Cheibriados thoroughly appreciates the change of pace.
You slice the bennu!! You freeze the bennu.
The death scarab closely misses you.
The mummy priest invokes the aid of its god against you.
Something smites you!
You die...

, , * , , *
^....... , , ,
#.M....# . ,
.,*#...M^.# ..
, , ,
..,#......# ...
..M#..^M..#....
, ,
..MMZM.MM.'.. ,
, ,


#.zbMZM# , , ,, #MMz@M.# , , , #.M[s§.#* , #......# , ,,,, #.))...# , * #......#
** * * ######## You could see a greater mummy, a bennu, 4 mummy priests, 4
guardian mummies, a death scarab, 2 flying skulls, 6 mummies, a human zombie and
an iron dragon skeleton.

Vanquished Creatures
  the Royal Jelly (Slime:5)
  10 ancient liches
  4 orbs of fire (Zot:5)
  Mara (Spider:3)
  Mennas (Crypt:2)
  A juggernaut (Zot:5)
  Sojobo (Crypt:1)
  2 Killer Klowns (Zot:5)
  19 greater mummies
  The ghost of TheSaltyOne the Slayer, a veteran OgFi of Okawaru (Vaults:4)
  Boris (Crypt:1)
  A shard shrike (Zot:5)
  Frederick (Depths:4)
  Bai Suzhen (Vaults:2)
  4 curse toes
  Jory (Vaults:4)
  11 golden dragons
  2 caustic shrikes (Depths:3)
  Nikola (Elf:1)
  4 bone dragons
  A profane servitor (Abyss:4)
  Arachne (Spider:2)
  2 electric golems (Zot:5)
  2 Ice Fiends
  Jorgrun (Orc:1)
  17 tentacled monstrosities
  25 Orb Guardians (Zot:5)
  7 liches
  2 quicksilver dragons
  6 titans
  The ghost of Hugehornet the Tortoise, an adept GrFi of Gozag (Depths:4)
  21 acid blobs
  4 deep elf blademasters
  A deep elf master archer (Elf:3)
  7 sphinxes
  7 tentacled starspawn
  2 Executioners
  11 death cobs
  Kirke (Swamp:2)
  11 ancient champions
  9 shadow dragons
  4 thorn hunters (Swamp:2)
  2 draconian monks
  Gastronok (Orc:1)
  Donald (Spider:3)
  7 tengu reavers
  4 revenants
  A daeva (Abyss:3)
  14 storm dragons
  8 frost giants
  19 azure jellies
  The ghost of Ascillia the Severer, a journeyman MiGl of Okawaru (D:15)
  2 iron dragons (Vaults:5)
  A frost giant (shapeshifter) (Abyss:5)
  A balrug (Abyss:4)
  4 draconian knights
  9 draconian shifters
  7 fire giants
  2 imperial myrmidons (Desolation)
  Aizul (Swamp:1)
  6 deep elf sorcerers
  7 draconian scorchers
  6 emperor scorpions (Spider:4)
  12 vault wardens
  3 orc warlords
  A ghoul (Vaults:5)
  5 curse skulls
  3 draconian stormcallers
  A spriggan defender (Depths:3)
  7 ghost moths
  6 deep elf elementalists
  10 ironheart preservers
  2 draconian annihilators
  21 very ugly things
  An ophan (Abyss:4)
  A reaper (Crypt:3)
  13 stone giants
  7 green draconians
  5 vampire knights
  5 entropy weavers
  A war gargoyle (Vaults:5)
  11 bennus (Tomb:3)
  A halazid warlock (Desolation)
  5 spark wasps
  11 yellow draconians
  4 deep elf demonologists
  8 deep elf annihilators
  8 purple draconians
  7 black draconians
  7 white draconians
  A minotaur (Gauntlet)
  16 red draconians
  21 small abominations
  22 ettins
  3 blizzard demons (Depths:4)
  Snorg (Orc:1)
  31 mummy priests
  3 crystal guardians
  5 eidola
  15 jiangshi
  9 death oozes
  Josephine (Lair:4)
  7 ragged hierophants (Desolation)
  A quicksilver dragon zombie (Crypt:2)
  14 deep elf death magi
  9 fire dragons
  2 great orbs of eyes (shapeshifter) (Abyss:5)
  6 deep elf high priests
  25 hydras
  8 great orbs of eyes
  11 yaktaur captains
  10 rakshasas
  14 servants of whispers
  18 ice dragons
  Erolcha (D:13)
  2 peacekeepers (Desolation)
  A juggernaut simulacrum (Depths:4)
  37 two-headed ogres
  28 vault guards
  6 spriggan air magi
  3 shambling mangroves
  4 ghost crabs
  6 tengu warriors
  29 dancing weapons
  16 alligators
  10 centaur warriors
  5 death knights
  12 ogre magi
  12 deep troll shamans
  48 death scarabs
  A queen ant (Spider:4)
  13 thrashing horrors
  7 spriggan berserkers
  A titan zombie (Crypt:3)
  6 deep troll earth magi
  7 vampire magi
  12 orc high priests
  33 large abominations
  29 deep elf knights
  2 hell knights (Depths:5)
  3 storm dragon zombies
  Urug (Lair:4)
  Sonja (D:13)
  Nergalle (Orc:1)
  A fire crab (shapeshifter) (Depths:3)
  5 wretched stars
  3 titan skeletons
  5 soul eaters
  2 sixfirhies (Abyss:2)
  58 skeletal warriors
  A storm dragon skeleton (Crypt:1)
  2 golden dragon zombies
  3 shadow wraiths
  A quicksilver dragon simulacrum (Crypt:2)
  A swamp dragon (shapeshifter) (Depths:3)
  5 flayed ghosts
  15 unseen horrors
  6 swamp dragons (Swamp:4)
  8 iron trolls
  An iron giant zombie (Crypt:3)
  28 deep trolls
  7 glowing orange brains
  3 spriggan druids (Swamp:4)
  A tengu zombie (Vaults:4)
  18 deep elf archers
  18 phantasmal warriors
  25 harpies
  4 wizards
  17 ironbrand convokers
  A golden dragon skeleton (Crypt:1)
  8 necromancers
  Pikel (D:6)
  A harpy (shapeshifter) (Vaults:5)
  A shadow dragon zombie (Tomb:2)
  20 wolf spiders
  2 mana vipers
  18 orc knights
  3 anaconda skeletons
  15 orb spiders
  2 tengu skeletons
  A manticore (D:14)
  81 deep elf magi
  7 orc sorcerers
  8 oklob plants
  12 shining eyes
  A wolf spider (shapeshifter) (Vaults:5)
  Maurice (Orc:1)
  6 cyclopes
  A frost giant zombie (Depths:1)
  3 fire giant skeletons
  A stone giant skeleton (Crypt:3)
  3 worldbinders
  62 ugly things
  4 guardian serpents (shapeshifter)
  4 guardian serpents (Desolation)
  A fire giant zombie (Tomb:1)
  4 eyes of devastation
  9 elephants
  23 moths of wrath
  2 black mambas
  A black mamba (shapeshifter) (Elf:3)
  3 apocalypse crabs
  A rust devil (Crypt:3)
  Joseph (D:8)
  4 molten gargoyles
  A titan simulacrum (Crypt:1)
  3 torpor snails
  2 frost giant skeletons
  23 vault sentinels
  3 dire elephant skeletons
  A storm dragon simulacrum (Depths:4)
  An ice statue (IceCv)
  10 smoke demons
  A spiny frog (shapeshifter) (Depths:2)
  2 orange demons
  A gargoyle (D:14)
  4 spectral swamp worms (Depths:3)
  3 human zombies
  A rime drake (shapeshifter) (Gauntlet)
  4 rime drakes
  6 spiny frogs
  A hellwing (Abyss:2)
  2 kobold demonologists (D:11)
  A spark wasp simulacrum (Depths:4)
  8 ice devils
  8 komodo dragons
  A green draconian skeleton (Crypt:3)
  2 efreet
  21 freezing wraiths
  A white draconian skeleton (Crypt:3)
  3 golden dragon simulacra
  A yaktaur zombie (Depths:1)
  A tormentor (Abyss:4)
  2 yaktaur skeletons
  36 yaktaurs
  4 ancient zymes
  A grey draconian skeleton (Crypt:2)
  A hydra zombie (Crypt:2)
  3 red devils
  2 tengu conjurers
  4 anaconda simulacra (IceCv)
  41 guardian mummies
  A troll (shapeshifter) (Abyss:1)
  9 demonic crawlers
  2 spriggan skeletons (Depths:1)
  2 meliai (shapeshifter)
  A tengu simulacrum (Depths:4)
  6 trolls
  5 tyrant leeches
  An iron troll skeleton (Crypt:3)
  2 catoblepas skeletons
  13 polar bears
  A polar bear (shapeshifter) (Depths:3)
  A tyrant leech (shapeshifter) (Vaults:5)
  38 jumping spiders
  A queen bee (Lair:1)
  155 slime creatures
  2 silent spectres
  26 hornets
  A hornet (shapeshifter) (Elf:1)
  2 sphinx simulacra (Depths:4)
  5 bog bodies
  2 harpy skeletons
  14 dream sheep
  23 blink frogs
  A raiju (shapeshifter) (D:13)
  A stone giant simulacrum (Crypt:1)
  A fire giant simulacrum (Vaults:5)
  70 saltlings
  3 hydra skeletons
  An ettin zombie (Crypt:1)
  An ice dragon zombie (Crypt:2)
  2 fire dragon skeletons
  8 hippogriffs
  A hippogriff (shapeshifter) (Depths:1)
  45 raiju
  11 spriggans
  30 starcursed masses
  2 yaks (shapeshifter)
  78 redbacks
  3 ice dragon skeletons
  A spriggan (shapeshifter) (Depths:1)
  7 shadows
  16 wraiths
  12 ushabtiu
  52 flying skulls
  2 tarantellas (shapeshifter) (Vaults:1)
  4 wyverns
  2 ettin skeletons
  8 ynoxinuls
  2 air elementals
  2 dire elephant simulacra (IceCv)
  7 water elementals
  9 fire elementals
  A human (shapeshifter) (Vaults:1)
  9 fire bats
  48 yaks
  30 tarantellas
  10 vampire mosquitoes
  A black mamba skeleton (Crypt:3)
  9 neqoxecs
  9 golden eyes
  3 steam dragons
  3 hungry ghosts
  A basilisk (D:14)
  A catoblepas simulacrum (Tomb:2)
  4 chaos spawn
  A yaktaur simulacrum (Vaults:1)
  4 harpy simulacra (IceCv)
  3 iron troll simulacra (IceCv)
  11 soldier ants
  18 swamp worms
  19 insubstantial wisps
  9 wargs
  Duvessa (D:5)
  A floating eye (Depths:2)
  13 water moccasins
  5 acid dragons
  20 hell hounds
  A spiny frog skeleton (Crypt:3)
  7 porcupines
  4 hydra simulacra (IceCv)
  An infernal demonspawn skeleton (Crypt:2)
  14 swamp drakes
  An alligator simulacrum (IceCv)
  57 orc warriors
  A water nymph skeleton (Crypt:1)
  6 ice beasts
  A black bear (shapeshifter) (Vaults:2)
  A snapping turtle zombie (Tomb:1)
  12 black bears
  6 phantoms
  2 necrophages
  2 sky beasts
  A dream sheep zombie (Crypt:3)
  25 wolves
  6 eyes of draining
  16 boggarts
  33 ogres
  17 crocodiles
  A snapping turtle skeleton (Crypt:3)
  2 tengu (shapeshifter)
  16 centaurs
  A torpor snail zombie (Crypt:2)
  A blink frog skeleton (Crypt:2)
  2 big kobolds (D:11)
  A big kobold (shapeshifter) (Depths:1)
  A human skeleton (Vaults:5)
  22 bullfrogs
  6 earth elementals
  A deep troll simulacrum (Vaults:4)
  2 wyvern skeletons
  A wyvern zombie (D:12)
  Dowan (D:5)
  A human simulacrum (Vaults:2)
  6 scorpions
  A snapping turtle simulacrum (Abyss:4)
  35 killer bees
  3 electric eels
  5 wights (Crypt:3)
  3 howler monkeys
  8 lava snakes
  3 elf simulacra
  5 centaur zombies
  4 crimson imps
  A draconian simulacrum (IceCv)
  3 quasits
  29 orc priests
  5 hounds
  2 jellies
  2 bullfrog skeletons
  6 iron imps
  Jessica (D:3)
  31 orc wizards
  5 iguanas
  2 troll simulacra (IceCv)
  A spriggan simulacrum (IceCv)
  32 worker ants
  2 porcupine skeletons
  A sky beast zombie (Crypt:1)
  A naga zombie (Crypt:2)
  An acid dragon skeleton (Crypt:2)
  4 centaur simulacra (IceCv)
  A deep dwarf skeleton (Crypt:1)
  3 hound skeletons
  40 mummies
  3 howler monkey zombies
  A worker ant zombie (D:5)
  14 adders
  3 gnolls (D:7)
  A howler monkey skeleton (D:5)
  3 naga simulacra (IceCv)
  3 ogre simulacra (IceCv)
  A scorpion zombie (Crypt:2)
  3 shadow imps
  8 white imps
  An ooze (D:2)
  8 ufetubi
  A worm zombie (Crypt:3)
  A lava snake zombie (Crypt:1)
  A worm (D:2)
  5 leopard geckos
  138 orcs
  3 giant cockroaches
  A gnoll zombie (Crypt:1)
  12 goblins
  8 hobgoblins
  5 jackals
  9 quokkas
  A ball python (D:7)
  7 bats
  6 frilled lizards
  A goblin zombie (Crypt:3)
  17 kobolds
  A leopard gecko skeleton (D:8)
  A leopard gecko zombie (D:8)
  A quokka skeleton (D:9)
  7 rats
  A rat skeleton (Crypt:2)
  3 briar patches (Swamp:2)
  20 crawling corpses
  2 fungi (Swamp:2)
  4 lurking horrors
  3 plants
  9 starspawn tentacles
3600 creatures vanquished.

Vanquished Creatures (others)
  An ancient lich (Zot:5)
  A shadow dragon (Zot:2)
  A tengu reaver (Crypt:1)
  A storm dragon (Zot:5)
  2 draconian monks (Zot:5)
  A draconian shifter (Zot:5)
  2 stone giants (Depths:1)
  2 red draconians (Zot:5)
  A deep elf high priest (Vaults:5)
  A vault guard (Vaults:5)
  A deep elf knight (Elf:2)
  A deep troll (Depths:1)
  5 deep elf archers
  An ironbrand convoker (Vaults:4)
  A necromancer (Crypt:1)
  An oklob plant (Swamp:2)
  A deep elf mage (Vaults:3)
  A vault sentinel (Vaults:2)
  9 yaktaurs
  A tarantella (Spider:4)
  2 small abominations (Abyss:2)
  7 humans (Swamp:2)
  A slave (D:6)
  2 centaurs (Depths:1)
  9 orcs
  A briar patch (Swamp:2)
  35 fungi
  A lurking horror (Abyss:4)
  11 plants
  10 starspawn tentacles
114 creatures vanquished.

Grand Total: 3714 creatures vanquished

Notes
Turn   | Place    | Note
-------+----------+-------------------------------------------
     0 | D:1      | Hugehornet the Gargoyle Fighter began the quest for the
                  | Orb.
     0 | D:1      | Reached XP level 1. HP: 14/14 MP: 1/1
   388 | D:1      | Reached XP level 2. HP: 19/19 MP: 2/2
   483 | D:2      | Reached XP level 3. HP: 23/23 MP: 3/3
   516 | D:2      | Found a hazy altar of Hepliaklqana.
   873 | D:2      | Reached XP level 4. HP: 28/28 MP: 4/4
  1482 | D:3      | Noticed Jessica
  1499 | D:3      | Killed Jessica
  1499 | D:3      | Reached skill level 5 in Maces & Flails
  1499 | D:3      | Reached XP level 5. HP: 29/32 MP: 5/5
  2582 | D:4      | Reached XP level 6. HP: 37/37 MP: 6/6
  2768 | D:4      | Noticed a phantom
  2852 | D:4      | Killed a phantom
  2852 | D:4      | Reached XP level 7. HP: 30/41 MP: 7/7
  3997 | D:5      | Entered Level 5 of the Dungeon
  4175 | D:5      | Reached XP level 8. HP: 46/46 MP: 8/8
  4600 | D:5      | Noticed Duvessa
  4600 | D:5      | Noticed Dowan
  4622 | D:5      | Killed Dowan
  4630 | D:5      | Killed Duvessa
  4912 | D:6      | Reached skill level 10 in Maces & Flails
  5358 | D:6      | Noticed Pikel
  5378 | D:6      | Killed Pikel
  5378 | D:6      | Reached XP level 9. HP: 50/51 MP: 9/9
  6646 | D:7      | Found a staircase to the Ecumenical Temple.
  6681 | Temple   | Entered the Ecumenical Temple
  6748 | Temple   | Became a worshipper of Cheibriados the Contemplative
  6841 | D:8      | Noticed Joseph
  7026 | D:8      | Reached XP level 10. HP: 47/56 MP: 10/10
  7086 | D:8      | Killed Joseph
  7281 | D:8      | Reached * piety under Cheibriados
  7349 | D:8      | Reached skill level 1 in Invocations
  7372 | D:8      | Reached skill level 4 in Armour
  7507 | D:8      | Got a smelly chain mail
  7518 | D:8      | Identified the +2 chain mail "Hyppujy" {rF+ Str+3} (You
                  | found it on level 8 of the Dungeon)
  8619 | D:9      | Reached ** piety under Cheibriados
  8804 | D:9      | Reached skill level 5 in Armour
  8919 | D:10     | Entered Level 10 of the Dungeon
  9130 | D:10     | Found a staircase to the Lair.
  9136 | D:10     | Reached skill level 6 in Armour
  9207 | D:10     | Reached skill level 5 in Shields
  9321 | D:10     | Reached *** piety under Cheibriados
  9327 | D:10     | Noticed a two-headed ogre
  9337 | D:10     | Killed a two-headed ogre
  9337 | D:10     | Reached skill level 7 in Armour
  9337 | D:10     | Reached XP level 11. HP: 52/60 MP: 12/14
  9775 | D:11     | Noticed a white ugly thing
  9776 | D:11     | Found a flickering gateway to a bazaar.
  9802 | D:11     | Killed a white ugly thing
  9802 | D:11     | Reached skill level 8 in Armour
  9850 | Bazaar   | Entered a bazaar
  9852 | Bazaar   | Found Mupuivet's General Store.
  9856 | Bazaar   | Found Apubud's General Store.
  9856 | Bazaar   | Found Eleadooc's General Store.
  9857 | Bazaar   | Found Muomafiu's Jewellery Boutique.
  9903 | Bazaar   | Bought a potion of curing for 24 gold pieces
  9903 | Bazaar   | Bought a potion of agility for 32 gold pieces
  9913 | Bazaar   | Bought a scroll of teleportation for 39 gold pieces
  9913 | Bazaar   | Bought a scroll of identify for 26 gold pieces
  9918 | Bazaar   | Bought a +3 ring of strength for 266 gold pieces
  9923 | Bazaar   | Bought a scroll of teleportation for 24 gold pieces
  9970 | D:11     | Reached skill level 5 in Invocations
 10004 | D:11     | Reached **** piety under Cheibriados
 10136 | D:11     | You fall into a shaft and drop 1 floor!
 10169 | D:12     | Found a hide-covered altar of Uskayaw.
 10367 | D:12     | Noticed a two-headed ogre
 10383 | D:12     | Killed a two-headed ogre
 10383 | D:12     | Reached skill level 9 in Armour
 10415 | D:12     | Noticed a two-headed ogre
 10430 | D:12     | Killed a two-headed ogre
 10685 | D:12     | Reached ***** piety under Cheibriados
 10875 | D:11     | Killed an unseen horror
 10875 | D:11     | Reached skill level 10 in Armour
 10875 | D:11     | Reached XP level 12. HP: 61/64 MP: 16/16
 11167 | D:11     | Learned a level 2 spell: Passwall
 11252 | D:11     | Found a staircase to the Orcish Mines.
 11518 | Lair:1   | Entered Level 1 of the Lair of Beasts
 11534 | Lair:1   | Reached skill level 1 in Earth Magic
 11561 | Lair:1   | Noticed a five-headed hydra
 11578 | Lair:1   | Killed a five-headed hydra
 11578 | Lair:1   | Reached skill level 1 in Spellcasting
 11578 | Lair:1   | Reached skill level 1 in Transmutations
 11744 | Lair:1   | Reached ****** piety under Cheibriados
 11792 | Lair:1   | Reached skill level 11 in Armour
 11918 | Lair:1   | Got a fine plate armour
 11929 | Lair:1   | Identified the +10 plate armour of Qoviret {rC+ MR+} (You
                  | found it on level 1 of the Lair of Beasts)
 12486 | Lair:1   | Learned a level 5 spell: Lee's Rapid Deconstruction
 12736 | Lair:2   | Noticed a seven-headed hydra
 12751 | Lair:2   | Killed a seven-headed hydra
 12957 | Lair:2   | You fall into a shaft and drop 1 floor!
 13232 | Lair:2   | Reached skill level 1 in Dodging
 13292 | Lair:2   | Reached XP level 13. HP: 70/70 MP: 18/18
 13760 | Lair:3   | Reached skill level 5 in Earth Magic
 14133 | Lair:3   | Reached skill level 12 in Armour
 14134 | Lair:3   | Found a hole to the Spider Nest.
 14984 | Lair:4   | Reached skill level 5 in Fighting
 15014 | Lair:4   | Noticed Josephine
 15042 | Lair:4   | Noticed Urug
 15049 | Lair:4   | Killed Josephine
 15111 | Lair:4   | Killed Urug
 15222 | Lair:4   | Found a staircase to the Swamp.
 16125 | Lair:5   | Learned a level 4 spell: Cause Fear
 16130 | Lair:5   | Learned a level 4 spell: Petrify
 16136 | Lair:5   | Learned a level 5 spell: Silence
 16375 | Lair:5   | Gained mutation: Your large and strong wings let you fly
                  | indefinitely. [Gargoyle growth]
 16375 | Lair:5   | Reached XP level 14. HP: 74/78 MP: 21/21
 16707 | Lair:6   | Entered Level 6 of the Lair of Beasts
 16798 | Lair:6   | Reached skill level 1 in Air Magic
 16844 | Lair:6   | Reached skill level 1 in Hexes
 16852 | Lair:6   | Found a dark tunnel.
 16935 | Volcano  | Entered a volcano
 17178 | Volcano  | Found a bloodstained altar of Trog.
 17211 | Volcano  | Reached skill level 5 in Spellcasting
 17239 | Volcano  | Noticed a red draconian
 17261 | Volcano  | Killed a red draconian
 17925 | Lair:6   | Reached skill level 10 in Shields
 17943 | Lair:6   | Reached skill level 13 in Armour
 18394 | Lair:6   | Found the +8 trident of the Octopus King {venom, rElec
                  | rPois MR+}
 18410 | Lair:6   | Reached XP level 15. HP: 68/84 MP: 23/23
 19162 | D:12     | You are sucked into a shaft and drop 1 floor!
 19232 | D:13     | Noticed Sonja
 19234 | D:13     | Noticed Erolcha
 19302 | D:13     | Killed Erolcha
 19303 | D:13     | Found a flagged portal.
 19306 | D:13     | Cast into level 2 of the Abyss (Sonja)
 19519 | Abyss:2  | Reached skill level 5 in Transmutations
 19842 | Abyss:2  | Noticed a deep elf elementalist
 19850 | Abyss:2  | Killed a deep elf elementalist
 19880 | Abyss:2  | Noticed a bone dragon
 19917 | Abyss:2  | Killed a bone dragon
 20052 | Abyss:2  | Noticed a tentacled starspawn
 20070 | Abyss:2  | Killed a tentacled starspawn
 20072 | D:13     | Escaped the Abyss
 20080 | D:13     | Got an ichor-stained leather armour
 20868 | D:13     | Killed Sonja
 20962 | D:13     | Identified the +0 leather armour of Dudusk {rN+ rCorr} (You
                  | found it on level 13 of the Dungeon)
 21038 | D:14     | Found a white marble altar of Elyvilon.
 21586 | D:14     | Found a gate to the Vaults.
 21834 | D:14     | Got an ancient whip
 21835 | D:14     | Identified the +10 whip "Tytivaph" {flame, Dex+7} (You
                  | found it on level 14 of the Dungeon)
 21886 | D:14     | You are sucked into a shaft and drop 1 floor!
 21886 | D:15     | Entered Level 15 of the Dungeon
 22006 | D:15     | Found a gate leading to a gauntlet.
 22020 | D:15     | Reached XP level 16. HP: 88/92 MP: 25/25
 22042 | Gauntlet | Entered a Gauntlet
 22042 | Gauntlet | Found a runed translucent door.
 22042 | Gauntlet | Found a transporter.
 22042 | Gauntlet | Found a runed translucent door.
 22042 | Gauntlet | Found a transporter.
 22054 | Gauntlet | Found a transporter.
 22066 | Gauntlet | Found a transporter.
 22074 | Gauntlet | Found a transporter.
 22078 | Gauntlet | Found a transporter.
 22095 | Gauntlet | Found a transporter.
 22106 | Gauntlet | Found a transporter.
 22128 | Gauntlet | Found a transporter.
 22132 | Gauntlet | Found a transporter.
 22141 | Gauntlet | Found a transporter.
 22144 | Gauntlet | Found a transporter.
 22146 | Gauntlet | Found the +0 pair of fencer's gloves {Riposte Dex+3}
 22270 | Gauntlet | Reached skill level 5 in Hexes
 22289 | Gauntlet | Got an encrusted broad axe
 22290 | Gauntlet | Identified the +10 broad axe of Ziph {freeze, Fragile Int+6
                  | SInv Stlth+} (You found it in a Gauntlet)
 22335 | Gauntlet | Got a smoking helmet
 22342 | Gauntlet | Identified the +0 helmet of Anuoricw {rElec Str+2 Dex-2}
                  | (You found it in a Gauntlet)
 22389 | Gauntlet | Reached skill level 10 in Earth Magic
 22392 | Gauntlet | Identified the Incunabulum of Harmful Bewitchment
 22709 | D:15     | Found a staircase to the Depths.
 23009 | D:15     | Found a transporter.
 23012 | D:15     | Noticed Ascillia's ghost (journeyman MiGl)
 23012 | D:15     | Identified the +8 great mace "Toakkoef" {flame, rElec}
 23013 | D:15     | Found a transporter.
 23749 | Spider:1 | Entered Level 1 of the Spider Nest
 23980 | Spider:1 | Reached skill level 5 in Dodging
 24761 | Spider:1 | Reached skill level 14 in Armour
 25096 | Spider:2 | Reached skill level 1 in Axes
 25100 | Spider:2 | Noticed Arachne
 25125 | Spider:2 | Killed Arachne
 26588 | Spider:3 | Noticed Mara
 26597 | Spider:3 | Noticed Hugehornet's illusion
 26616 | Spider:3 | Noticed Hugehornet's illusion
 26619 | Spider:3 | Killed Mara
 26619 | Spider:3 | Reached skill level 10 in Invocations
 26619 | Spider:3 | Reached XP level 17. HP: 70/97 MP: 27/27
 27511 | Spider:3 | Noticed Donald
 27524 | Spider:3 | Killed Donald
 27887 | Spider:4 | Entered Level 4 of the Spider Nest
 27892 | Spider:4 | Reached skill level 5 in Air Magic
 28920 | Spider:4 | Reached skill level 5 in Axes
 29056 | Spider:4 | Got a gossamer rune of Zot
 29319 | Spider:4 | Learned a level 4 spell: Airstrike
 29522 | Orc:1    | Entered Level 1 of the Orcish Mines
 29522 | Orc:1    | Noticed Jorgrun
 29524 | Orc:1    | Noticed Nergalle
 29529 | Orc:1    | Found a bloodstained altar of Trog.
 29702 | Orc:2    | Entered Level 2 of the Orcish Mines
 29705 | Orc:2    | Reached skill level 15 in Armour
 29773 | Orc:2    | Found a staircase to the Elven Halls.
 29773 | Orc:2    | Found Vacalesh's Antique Armour Emporium.
 29787 | Orc:2    | Reached XP level 18. HP: 99/104 MP: 29/29
 29793 | Orc:2    | Gained mutation: You occasionally shout uncontrollably at
                  | your foes. [a neqoxec]
 29917 | Orc:2    | Gained mutation: You are weak. (Str -2) [a neqoxec]
 29917 | Orc:2    | Gained mutation: Armour fits poorly on your strangely
                  | shaped body. [a neqoxec]
 29919 | Orc:2    | Gained mutation: You are very weak. (Str -4) [a neqoxec]
 29996 | Orc:2    | Found Ulituv's Antique Weapon Shoppe.
 30018 | Orc:2    | Found Pirumutu's Jewellery Emporium.
 30237 | Orc:2    | Found Ybus's General Store.
 30441 | Orc:2    | Found Usoh's Weapon Shop.
 30532 | Orc:1    | Noticed Maurice
 30532 | Orc:1    | Noticed Snorg
 30534 | Orc:1    | Killed Maurice
 30539 | Orc:1    | Killed Snorg
 30540 | Orc:1    | Noticed Gastronok
 30553 | Orc:1    | Killed Gastronok
 30750 | Orc:1    | Killed Nergalle
 30757 | Orc:1    | Killed Jorgrun
 30967 | Orc:2    | Bought the ring "Gujoyj" {MR+ Int+4 Dex+5 Stlth+} for 686
                  | gold pieces
 31591 | Swamp:1  | Entered Level 1 of the Swamp
 31895 | Swamp:1  | Noticed Aizul
 31905 | Swamp:1  | Killed Aizul
 31975 | Swamp:1  | Found a radiant altar of Vehumet.
 32499 | Swamp:2  | Found a frozen archway.
 32519 | IceCv    | Entered an ice cave
 33365 | IceCv    | Noticed an Ice Fiend
 33397 | IceCv    | Killed an Ice Fiend
 33531 | IceCv    | Identified the cursed -5 pair of gloves of the
                  | Constellations {rElec} (You found it in an ice cave)
 34016 | Swamp:2  | Noticed Kirke
 34041 | Swamp:2  | Killed Kirke
 34991 | Swamp:3  | Reached XP level 19. HP: 98/110 MP: 31/31
 35077 | Swamp:3  | Lost mutation: You are very weak. (Str -4) [potion of
                  | mutation]
 35077 | Swamp:3  | Lost mutation: Armour fits poorly on your strangely shaped
                  | body. [potion of mutation]
 35077 | Swamp:3  | Lost mutation: You occasionally shout uncontrollably at
                  | your foes. [potion of mutation]
 35077 | Swamp:3  | Gained mutation: You have large cloven feet. [potion of
                  | mutation]
 35077 | Swamp:3  | Lost mutation: You have large cloven feet. [potion of
                  | mutation]
 35077 | Swamp:3  | Gained mutation: You have large cloven feet. [potion of
                  | mutation]
 35077 | Swamp:3  | Gained mutation: You are partially covered in molten
                  | scales. (AC +2) [potion of mutation]
 35078 | Swamp:3  | Lost mutation: You are partially covered in molten scales.
                  | (AC +2) [potion of mutation]
 35078 | Swamp:3  | Lost mutation: You have large cloven feet. [potion of
                  | mutation]
 35078 | Swamp:3  | Lost mutation: You are weak. (Str -2) [potion of mutation]
 35078 | Swamp:3  | Gained mutation: You have an increased reservoir of magic.
                  | (+10% MP) [potion of mutation]
 35078 | Swamp:3  | Gained mutation: Your spells are a little easier to cast,
                  | but a little less powerful. [potion of mutation]
 35078 | Swamp:3  | Gained mutation: You are resistant to hostile enchantments.
                  | (MR+) [potion of mutation]
 35338 | Swamp:3  | Learned a level 3 spell: Stone Arrow
 35378 | Swamp:3  | Learned a level 5 spell: Lightning Bolt
 35687 | Swamp:3  | Reached skill level 1 in Conjurations
 35757 | Swamp:4  | Entered Level 4 of the Swamp
 36161 | Swamp:4  | Got a decaying rune of Zot
 36980 | Orc:2    | Bought the ring of Spite {rPois rN+ rCorr} for 495 gold
                  | pieces
 36980 | Orc:2    | Bought a cursed ring of teleportation for 63 gold pieces
 37112 | Vaults:1 | Entered Level 1 of the Vaults
 37350 | Vaults:1 | Reached skill level 16 in Armour
 37438 | Vaults:1 | Identified the +1 hand axe of the Scavenger {chop, rN+}
 37649 | Vaults:1 | Reached skill level 10 in Fighting
 37747 | Vaults:1 | Noticed a lich
 37772 | Vaults:1 | Killed a lich
 37825 | Vaults:1 | Reached XP level 20. HP: 111/117 MP: 35/35
 37870 | Vaults:1 | Reached skill level 5 in Conjurations
 38063 | Vaults:1 | Identified the Tome of Excruciating Weightlessness
 38274 | Vaults:2 | Found a ruined gateway.
 38295 | Desolati | Entered the Desolation of Salt
 38852 | Desolati | Found the +0 Maxwell's etheric cage {RegenMP+ *Contam rElec
                  | MP+4}
 38858 | Desolati | Identified the ring "Uruceuzo" {rPois rN+ Dex+3} (You found
                  | it in the Desolation of Salt)
 39512 | Desolati | Identified the +7 long sword of Youthful Indiscretion
                  | {slice, rC+ Str+3} (You found it in the Desolation of Salt)
 39574 | Desolati | Learned a level 5 spell: Irradiate
 39689 | Vaults:2 | Noticed Bai Suzhen
 39704 | Vaults:2 | Killed Bai Suzhen
 39801 | Vaults:2 | Reached skill level 15 in Shields
 40060 | Vaults:2 | Reached XP level 21. HP: 123/123 MP: 37/37
 40202 | Vaults:2 | You are sucked into a shaft and drop 2 floors!
 40315 | Vaults:4 | Found Tusub's Assorted Antiques.
 40318 | Vaults:4 | Found Yzoinu's Magic Scroll Emporium.
 40391 | Vaults:4 | Found a runed translucent door.
 40398 | Vaults:4 | Found a shimmering altar of Xom.
 40398 | Vaults:4 | Noticed TheSaltyOne's ghost (veteran OgFi)
 40422 | Vaults:4 | Killed TheSaltyOne's ghost
 40570 | Vaults:4 | Noticed Jory
 40594 | Vaults:4 | Killed Jory
 40594 | Vaults:4 | Reached skill level 17 in Armour
 40986 | Vaults:2 | Reached skill level 10 in Spellcasting
 41139 | Vaults:2 | Found a staircase to the Crypt.
 41227 | Vaults:2 | Reached skill level 10 in Axes
 42507 | Vaults:4 | Reached XP level 22. HP: 130/130 MP: 40/40
 42525 | Vaults:4 | Found Esaeket's Armour Shoppe.
 43370 | Vaults:4 | Bought a vibrating bone ring for 245 gold pieces
 43372 | Vaults:4 | Identified the ring "Roadel" {rElec rC+ Int-4 SInv Stlth+}
                  | (You bought it in a shop on level 4 of the Vaults)
 43581 | Depths:1 | Entered Level 1 of the Depths
 43637 | Depths:1 | Reached skill level 18 in Armour
 43912 | Depths:1 | Found a gateway to Hell.
 44588 | Depths:2 | Learned a level 6 spell: Deflect Missiles
 44601 | Depths:2 | Identified the +2 cloak "Pixzy" {*Corrode MR++ Str+3 SInv}
                  | (You found it on level 2 of the Depths)
 44659 | Depths:2 | Paralysed by a floating eye for 2 turns
 44764 | Depths:2 | Reached skill level 1 in Charms
 44847 | Depths:2 | Reached XP level 23. HP: 127/137 MP: 42/42
 45375 | Depths:3 | Noticed a caustic shrike
 45376 | Depths:3 | Noticed a golden dragon
 45379 | Depths:3 | Identified the +3 robe of Xom's Esteem {Int+3}
 45383 | Depths:3 | Killed a caustic shrike
 45390 | Depths:3 | Killed a golden dragon
 45393 | Depths:3 | Noticed a caustic shrike
 45411 | Depths:3 | Killed a caustic shrike
 45760 | Vaults:4 | Bought 3 scrolls of identify for 126 gold pieces
 45760 | Vaults:4 | Bought a scroll of identify for 42 gold pieces
 45760 | Vaults:4 | Bought a scroll of identify for 42 gold pieces
 46353 | Depths:3 | Found the +4 dagger "Morg" {pain, MR+ Int+5}
 46363 | Depths:3 | Learned a level 3 spell: Lesser Beckoning
 46502 | Depths:3 | Found a one-way gate leading to the halls of Pandemonium.
 46563 | Depths:3 | Found a corrupted altar of Lugonu.
 46563 | Depths:3 | Found a one-way gate to the infinite horrors of the Abyss.
 46754 | Depths:3 | Noticed an ancient lich
 46780 | Depths:3 | Killed an ancient lich
 46817 | Depths:3 | Identified the ring "Rethrafi" {EV+4 Slay+5} (You found it
                  | on level 3 of the Depths)
 47177 | Depths:4 | Reached skill level 19 in Armour
 47216 | Depths:4 | Noticed Frederick
 47326 | Depths:4 | Killed Frederick
 47326 | Depths:4 | Reached skill level 5 in Charms
 47447 | Depths:4 | Found a runed translucent gate.
 47447 | Depths:4 | Found a runed translucent gate.
 47447 | Depths:4 | Found a runed translucent gate.
 47541 | Depths:4 | Reached skill level 10 in Dodging
 47648 | Depths:4 | Reached XP level 24. HP: 144/144 MP: 43/43
 47700 | Depths:4 | Noticed a greater mummy
 47711 | Depths:4 | Killed a greater mummy
 47714 | Depths:4 | Noticed a greater mummy
 47722 | Depths:4 | Killed a greater mummy
 47824 | Depths:4 | Noticed a greater mummy
 47847 | Depths:4 | Killed a greater mummy
 48006 | Depths:4 | Found the +7 sceptre of Torment {pain, torment}
 48187 | Depths:4 | Noticed Hugehornet's ghost (adept GrFi)
 48563 | D:15     | Killed Ascillia's ghost
 48925 | Elf:1    | Entered Level 1 of the Elven Halls
 49087 | Elf:1    | Noticed Nikola
 49093 | Elf:1    | Killed Nikola
 49101 | Elf:1    | Learned a level 2 spell: Blink
 49162 | Elf:1    | Identified 2 scrolls of acquirement
 49644 | Elf:1    | Found a runed translucent gate.
 49644 | Elf:1    | Found a runed translucent gate.
 49644 | Elf:1    | Found a runed translucent gate.
 49644 | Elf:1    | Found a runed translucent gate.
 49644 | Elf:1    | Found a runed translucent gate.
 49646 | Elf:1    | Found a runed translucent gate.
 50348 | Elf:2    | Found a runed translucent gate.
 50348 | Elf:2    | Found a runed translucent gate.
 50348 | Elf:2    | Found a runed translucent gate.
 51094 | Elf:3    | Entered Level 3 of the Elven Halls
 51207 | Elf:3    | Found a roughly hewn altar of Beogh.
 51354 | Elf:3    | Reached skill level 10 in Air Magic
 51355 | Elf:3    | Reached XP level 25. HP: 128/150 MP: 38/43
 51363 | Elf:3    | Reached skill level 20 in Armour
 51762 | Elf:3    | Found the +3 hat of Pondering {ponderous, MR+ MP+10 Int+5}
 51868 | Elf:3    | Identified the Almanac of Earth
 51978 | Elf:3    | Found Kiapig's Elven Fire.
 52170 | Elf:3    | Cast into level 2 of the Abyss (+2 long sword of
                  | distortion)
 52572 | Abyss:2  | HP: 5/152 [daeva/divine providence (14)]
 52763 | Elf:3    | Escaped the Abyss
 53376 | Depths:5 | Entered Level 5 of the Depths
 53902 | Depths:5 | Noticed an ancient lich
 53903 | Depths:5 | Found a gateway to a ziggurat.
 54816 | Depths:5 | Found a gate to the Realm of Zot.
 56498 | Vaults:5 | Entered Level 5 of the Vaults
 56502 | Vaults:5 | Reached XP level 26. HP: 132/158 MP: 40/44
 56542 | Vaults:5 | Noticed an ancient lich
 56573 | Vaults:5 | Identified the ring of the Unkillable {rF++ MR+ Str-5}
 56598 | Vaults:5 | Reached skill level 21 in Armour
 56619 | Vaults:5 | Reached skill level 10 in Charms
 56810 | Vaults:5 | Reached skill level 15 in Axes
 56854 | Vaults:5 | Identified the +5 demon trident "Bustrant" {vamp, +Inv
                  | Dex+3}
 56908 | Vaults:5 | Identified the +8 battleaxe of Youthful Indiscretion {chop,
                  | rElec}
 57199 | Vaults:5 | Killed an ancient lich
 57396 | Vaults:5 | Identified the ring "Merchouja" {Ice +Inv Dex+3} (You found
                  | it on level 5 of the Vaults)
 57472 | Vaults:5 | Got a silver rune of Zot
 57642 | Vaults:5 | Reached XP level 27. HP: 164/164 MP: 44/44
 57668 | Vaults:5 | Identified the +4 morningstar of Heosta {crush, rElec MR+
                  | Dex+3} (You found it on level 5 of the Vaults)
 58378 | Crypt:1  | Entered Level 1 of the Crypt
 58917 | Crypt:1  | Noticed Boris
 58932 | Crypt:1  | Killed Boris
 58996 | Crypt:1  | Noticed Sojobo
 59019 | Crypt:1  | Killed Sojobo
 59019 | Crypt:1  | Reached skill level 15 in Fighting
 59610 | Crypt:1  | You are sucked into a shaft and drop 1 floor!
 59639 | Crypt:2  | Noticed Mennas
 59661 | Crypt:2  | Killed Mennas
 60611 | Crypt:3  | Entered Level 3 of the Crypt
 60635 | Crypt:3  | Found a staircase to the Tomb.
 60636 | Crypt:3  | Noticed an ancient lich
 60661 | Crypt:3  | Killed an ancient lich
 60995 | Crypt:3  | Found an ancient bone altar of Kikubaaqudgha.
 61405 | Crypt:3  | Found an ancient bone altar of Kikubaaqudgha.
 61437 | Crypt:3  | Noticed an ancient lich
 61455 | Crypt:3  | Killed an ancient lich
 61764 | Crypt:3  | Reached skill level 22 in Armour
 61943 | Crypt:3  | Reached skill level 1 in Translocations
 62053 | Crypt:3  | Identified Soix's Collected Works on Darkness
 62085 | Crypt:3  | Learned a level 5 spell: Dispel Undead
 62534 | Zot:1    | Entered Level 1 of the Realm of Zot
 62679 | Zot:1    | Reached skill level 1 in Necromancy
 63600 | Zot:1    | Identified the +0 hat of the Peculiar People {Dex+2} (You
                  | acquired it on level 1 of the Realm of Zot)
 65794 | Zot:4    | Found a transporter.
 65848 | Zot:4    | Found a transporter.
 66559 | Depths:5 | Killed an ancient lich
 66755 | Depths:4 | Killed Hugehornet's ghost
 67074 | Depths:4 | Identified the +0 helmet of Utsuwirgh {Slay+3} (You found
                  | it on level 4 of the Depths)
 67076 | Depths:4 | Identified the ring "Neerul" {Ice Int+7 Dex+2} (You found
                  | it on level 4 of the Depths)
 67400 | Zot:5    | Entered Level 5 of the Realm of Zot
 67498 | Zot:5    | Noticed an orb of fire
 67945 | Zot:5    | Reached skill level 5 in Necromancy
 67951 | Zot:5    | Noticed an orb of fire
 67953 | Zot:5    | Noticed an ancient lich
 67956 | Zot:5    | Noticed an orb of fire
 67957 | Zot:5    | Noticed an orb of fire
 67961 | Zot:5    | Noticed an orb of fire
 67962 | Zot:5    | Noticed an ancient lich
 67968 | Zot:5    | Noticed an ancient lich
 67972 | Zot:5    | Killed an orb of fire
 67972 | Zot:5    | Killed an orb of fire
 67972 | Zot:5    | Killed an orb of fire
 67973 | Zot:5    | Killed an orb of fire
 67974 | Zot:5    | Noticed an ancient lich
 67978 | Zot:5    | Killed an ancient lich
 67979 | Zot:5    | Killed an ancient lich
 67979 | Zot:5    | Reached skill level 23 in Armour
 68431 | Zot:5    | Killed an ancient lich
 68437 | Zot:5    | Noticed a juggernaut
 68437 | Zot:5    | a Killer Klown changed into a juggernaut
 68446 | Zot:5    | Killed a juggernaut
 68623 | Zot:5    | Killed an ancient lich
 68679 | Zot:5    | Reached skill level 15 in Spellcasting
 69333 | Zot:5    | Killed an ancient lich
 69884 | Depths:5 | Voluntarily entered the Abyss.
 70025 | Abyss:1  | Lost mutation: You have an increased reservoir of magic.
                  | (+10% MP) [a shining eye]
 70028 | Abyss:1  | Gained mutation: Your spells are easier to cast, but less
                  | powerful. [a shining eye]
 70255 | Abyss:3  | Found a stormy altar of Qazlal.
 70318 | Abyss:4  | Gained mutation: Potions are less effective at restoring
                  | your health. [a neqoxec]
 70369 | Abyss:4  | Learned a level 1 spell: Apportation
 70614 | Abyss:4  | Gained mutation: You are clumsy. (Dex -2) [a neqoxec]
 70615 | Abyss:4  | Gained mutation: You are frail. (-10% HP) [a neqoxec]
 70640 | Abyss:4  | Paralysed by accursed screaming for 1 turns
 70756 | Abyss:4  | Lost mutation: You are clumsy. (Dex -2) [potion of
                  | mutation]
 70756 | Abyss:4  | Lost mutation: Your spells are easier to cast, but less
                  | powerful. [potion of mutation]
 70756 | Abyss:4  | Gained mutation: You passively map a small area around you.
                  | [potion of mutation]
 70756 | Abyss:4  | Gained mutation: You possess an exceptional clarity of
                  | mind. [potion of mutation]
 70773 | Abyss:4  | Paralysed by you for 6 turns
 70929 | Abyss:4  | Found a corrupted altar of Lugonu.
 71105 | Abyss:4  | Found a shimmering blue altar of Sif Muna.
 71284 | Abyss:4  | Found a corrupted altar of Lugonu.
 71310 | Abyss:5  | Entered Level 5 of the Abyss
 71394 | Abyss:5  | Found a shattered altar of Ashenzari.
 71414 | Abyss:5  | Found a corrupted altar of Lugonu.
 71482 | Abyss:5  | Got an abyssal rune of Zot
 71492 | Depths:5 | Escaped the Abyss
 72127 | Lair:6   | Found a staircase to the Slime Pits.
 72624 | Slime:1  | Entered Level 1 of the Pits of Slime
 72635 | Slime:1  | Lost mutation: You possess an exceptional clarity of mind.
                  | [a shining eye]
 72915 | Lair:6   | Learned a level 6 spell: Iron Shot
 73140 | Slime:1  | Gained mutation: Your body sometimes deteriorates upon
                  | taking damage. [a shining eye]
 73246 | Slime:1  | Gained mutation: Your spells are easier to cast, but less
                  | powerful. [a shining eye]
 73248 | Slime:1  | Gained mutation: Your body often deteriorates upon taking
                  | damage. [a shining eye]
 75036 | Slime:3  | Lost mutation: You are frail. (-10% HP) [potion of
                  | mutation]
 75036 | Slime:3  | Gained mutation: You are agile. (Dex +2) [potion of
                  | mutation]
 75036 | Slime:3  | Gained mutation: Your muscles are strong. (Str +2) [potion
                  | of mutation]
 75036 | Slime:3  | Gained mutation: You are partially covered in iridescent
                  | scales. (AC +2) [potion of mutation]
 75496 | Slime:2  | Reached skill level 24 in Armour
 75635 | Slime:2  | Lost mutation: Your muscles are strong. (Str +2) [a shining
                  | eye]
 75636 | Slime:2  | Gained mutation: You are dopey. (Int -2) [a shining eye]
 76082 | Slime:4  | Found a viscous altar of Jiyva.
 76515 | Slime:4  | Gained mutation: You occasionally shout uncontrollably at
                  | your foes. [a shining eye]
 76520 | Slime:4  | Gained mutation: You are very agile. (Dex +4) [a shining
                  | eye]
 76521 | Slime:4  | Lost mutation: You are very agile. (Dex +4) [a shining eye]
 76522 | Slime:4  | Gained mutation: Scrolls take you a little longer to read.
                  | [a shining eye]
 76844 | Slime:5  | Entered Level 5 of the Pits of Slime
 76854 | Slime:5  | Gained mutation: You are occasionally teleported next to
                  | monsters. [a shining eye]
 76873 | Slime:5  | Noticed the Royal Jelly
 76874 | Slime:5  | Found the cursed necklace of Bloodlust {*Rage +Rage MR++
                  | Int-3 Slay+6 *Curse}
 76884 | Slime:5  | Reached skill level 10 in Conjurations
 76910 | Slime:5  | Killed the Royal Jelly
 77242 | Slime:5  | Identified the ring of Daprisio {Wiz Int+4} (You found it
                  | on level 5 of the Pits of Slime)
 77266 | Slime:5  | Got a slimy rune of Zot
 77275 | Slime:5  | Identified the +2 pair of gloves of the Worm {Dex+5} (You
                  | found it on level 5 of the Pits of Slime)
 77356 | Slime:5  | Identified the Grimoire of Protection and Venom
 77362 | Slime:5  | Identified the ring of Sif Muna's Hope {Wiz rPois MR+} (You
                  | found it on level 5 of the Pits of Slime)
 77371 | Slime:5  | Identified the ring of Oenomania {Wiz *Slow +Fly rElec
                  | Dex+2} (You found it on level 5 of the Pits of Slime)
 77382 | Slime:5  | Identified the amulet "Conwiham" {Harm *Drain rN+} (You
                  | found it on level 5 of the Pits of Slime)
 77579 | Slime:5  | Gained mutation: You sometimes yell uncontrollably at your
                  | foes. [a shining eye]
 77579 | Slime:5  | Gained mutation: You are frail. (-10% HP) [a shining eye]
 77582 | Slime:5  | Gained mutation: Potions are poor at restoring your health.
                  | [a shining eye]
 79059 | Zot:4    | Learned a level 5 spell: Aura of Abjuration
 79075 | Zot:4    | Got a vibrating platinum ring
 79099 | Zot:4    | Identified the cursed ring of Elyvilon's Favour {rC++ rN+
                  | EV-3 Int-2 Stlth+} (You found it on level 4 of the Realm of
                  | Zot)
 79101 | Zot:4    | Identified the cursed -2 helmet of Daomep {Str+7} (You
                  | found it on level 4 of the Realm of Zot)
 79619 | Tomb:1   | Entered Level 1 of the Tomb of the Ancients
 79768 | Tomb:1   | Reached skill level 1 in Summonings
 80310 | Tomb:1   | Lost mutation: Your spells are easier to cast, but less
                  | powerful. [potion of mutation]
 80310 | Tomb:1   | Lost mutation: You are occasionally teleported next to
                  | monsters. [potion of mutation]
 80310 | Tomb:1   | Lost mutation: You sometimes yell uncontrollably at your
                  | foes. [potion of mutation]
 80310 | Tomb:1   | Gained mutation: You have large cloven feet. [potion of
                  | mutation]
 80311 | Tomb:1   | Lost mutation: You are partially covered in iridescent
                  | scales. (AC +2) [potion of mutation]
 80311 | Tomb:1   | Lost mutation: You are dopey. (Int -2) [potion of mutation]
 80311 | Tomb:1   | Lost mutation: Your body often deteriorates upon taking
                  | damage. [potion of mutation]
 80311 | Tomb:1   | Lost mutation: Scrolls take you a little longer to read.
                  | [potion of mutation]
 80311 | Tomb:1   | Gained mutation: Your flesh is heat resistant. (rF+)
                  | [potion of mutation]
 80528 | Tomb:1   | Noticed a greater mummy
 80538 | Tomb:1   | Killed a greater mummy
 81937 | Tomb:2   | Noticed an ancient lich
 81952 | Tomb:2   | Killed an ancient lich
 81957 | Tomb:2   | Noticed a greater mummy
 81961 | Tomb:2   | Noticed a greater mummy
 81967 | Tomb:2   | Noticed a greater mummy
 81976 | Tomb:2   | Killed a greater mummy
 81976 | Tomb:2   | Killed a greater mummy
 82423 | Tomb:2   | Killed a greater mummy
 82973 | Tomb:1   | Noticed a greater mummy
 82973 | Tomb:1   | Noticed a greater mummy
 82973 | Tomb:1   | Noticed a greater mummy
 82978 | Tomb:1   | Noticed a greater mummy
 82983 | Tomb:1   | Killed a greater mummy
 82987 | Tomb:1   | Killed a greater mummy
 82995 | Tomb:1   | Killed a greater mummy
 83006 | Tomb:1   | Killed a greater mummy
 83049 | Tomb:1   | Noticed a greater mummy
 83062 | Tomb:1   | Killed a greater mummy
 83306 | Tomb:1   | Noticed a greater mummy
 83311 | Tomb:1   | Reached skill level 5 in Summonings
 83313 | Tomb:1   | Noticed a greater mummy
 83324 | Tomb:1   | Killed a greater mummy
 83339 | Tomb:1   | Killed a greater mummy
 83341 | Tomb:1   | Noticed a greater mummy
 83351 | Tomb:1   | Killed a greater mummy
 83582 | Tomb:1   | Noticed a greater mummy
 83603 | Tomb:1   | Killed a greater mummy
 83771 | Tomb:1   | Noticed a greater mummy
 83774 | Tomb:1   | Noticed a greater mummy
 83777 | Tomb:1   | Killed a greater mummy
 83783 | Tomb:1   | Noticed a greater mummy
 83798 | Tomb:1   | Killed a greater mummy
 83798 | Tomb:1   | Reached skill level 25 in Armour
 83810 | Tomb:1   | Killed a greater mummy
 84137 | Tomb:3   | Entered Level 3 of the Tomb of the Ancients
 84193 | Tomb:3   | Noticed a greater mummy
 84195 | Tomb:3   | HP: 1/155 [something (27)]
 84195 | Tomb:3   | Killed from afar by a mummy priest

Levels and vault maps discovered:
D:1:      tarquinn_simple_flora_water_a, layout_basic, chequers_avenue
D:2:      layout_basic, lemuel_crystal_altar
D:3:      layout_basic, first_ration, uniq_jessica
D:4:      layout_gridville, serial_glass, glass_columns_b, glass_columns_b
D:5:      layout_gridville, uniq_duvessa
D:6:      layout_loops_corners, uniq_pikel
D:7:      layout_cave_pools, temple_statues
D:8:      layout_basic, the_bakery, uniq_joseph
D:9:      layout_loops_cross
D:10:     layout_roguey, lair_entry_dummy
D:11:     layout_irregular_city, hiddenorc1_lemuel, serial_shops,
          bzr_entry_dummy
D:12:     layout_basic, basic_altar, wad_floor_pattern_2
D:13:     layout_basic, enter_bailey_2, uniq_erolcha, uniq_sonja
D:14:     layout_irregular_city, erik_vaults_1, hex_tiny, elyvilon_altar_5
D:15:     grunt_enter_depths_snipers, layout_loops_ring, gammafunk_ghost_smash,
          dk_noncrumbling_2, gauntlet_entry_generic
Temple:   grunt_wide_crystal_templ
Lair:1:   layout_small_grid, special_room [special_room_bee],
          minmay_lair_oklob_chamber, grunt_megastairs_3
Lair:2:   layout_gridlike, grunt_megastairs_1, lemuel_fruit_fields
Lair:3:   layout_chaotic_city, nicolae_spider_entry_tight_spaces,
          eino_small_chamber_without_monster
Lair:4:   dpeg_oklob_gauntlet, layout_regular_city, skrybe_swamp_entry_bodies,
          uniq_urug, uniq_josephine
Lair:5:   layout_regular_city, beast_lair_carwin_9
Lair:6:   hangedman_lair_caniforms_friends, layout_gridlike,
          minmay_slime_entry_oklob_enclosed, nicolae_volcano_entry_lava_flow,
          fungi_pond_lemuel, lookout_lair_type, serial_bayou_crossing,
          serial_bayou_shore_b
Swamp:1:  layout_falls_marsh, evilmike_swamp_ruin_house_5, swamp_pool1,
          nicolae_swamp_feature_on_the_river_bank, infiniplex_staircase_pool,
          uniq_aizul
Swamp:2:  nicolae_swamp_phyte_club, layout_basic_swamp,
          portal_ice_cave_entry_pillars_2, serial_swamp_ruin,
          evilmike_swamp_ruin_rubble_2, hangedman_swamp_ruin_wall,
          evilmike_swamp_ruin_rubble_1, uniq_kirke
Swamp:3:  layout_basic_swamp, evilmike_swamp_ruin_house_4
Swamp:4:  swamp, layout_basic_swamp
Spider:1: layout_chambers
Spider:2: layout_chambers, hangedman_stitches_earthworm, uniq_arachne
Spider:3: layout_spider_delve, nicolae_spider_cling_ruins, uniq_mara,
          uniq_donald
Spider:4: grunt_spider_rune_circles, minmay_another_anthill
Slime:1:  layout_caves
Slime:2:  layout_caves
Slime:3:  cheibrodos_slime_lost_civilization_10, layout_caves
Slime:4:  layout_caves, basic_altar, cheibrodos_slime_lost_civilization_4
Slime:5
Orc:1:    layout_caves, basic_altar, uniq_maurice, uniq_gastronok, uniq_snorg,
          uniq_nergalle, uniq_jorgrun
Orc:2:    grunt_orc_gardens, layout_diamond_mine, grunt_orc_garden,
          grunt_orc_garden, grunt_orc_garden, grunt_orc_garden, serial_shops,
          nicolae_shop_stone
Elf:1:    elf_arrival_002, layout_loops_corners, orc_legates, uniq_nikola
Elf:2:    layout_rooms
Elf:3:    minmay_elf_hall_quartered_circle, layout_geoelf_grid, special_room
          [special_room_orc], guppyfry_elf_lava
Vaults:1: nicolae_vaults_network_quincunx
          [nicolae_vaults_network_quincunx_subvault,
          nicolae_vaults_network_quincunx_subvault,
          nicolae_vaults_network_quincunx_subvault,
          nicolae_vaults_network_quincunx_subvault,
          nicolae_vaults_network_quincunx_subvault], v_misc_14, st_hourglassy,
          ontoclasm_vaults_gateway, ontoclasm_vaults_ring_large,
          dpeg_vaults_monster_box, vaults_room_boxed, v_misc_31,
          vaults_room_grunt_arrival_ludios, hangedman_vaults_capsules,
          v_misc_16, nicolae_vaults_theta, layout_vaults_maze_bifur
Vaults:2: v_misc_10, nicolae_vaults_shelves_hall, dpeg_vaults_monster_row,
          vaults_mumra_chevron, grunt_vaults_swirl, ontoclasm_vaults_echo,
          vaults_dpeg_spiral, v_pattern_1, vaults_room_semicircle, v_misc_22,
          ontoclasm_vaults_decontamination, vaults_dpeg_cross,
          minmay_crypt_entry_simple_corners, nicolae_vaults_specimen_jars,
          vaults_room_stairs_pillars, layout_vaults_ring,
          portal_desolation_entry_nicolae_nacl, uniq_bai_suzhen
Vaults:3: vaults_room_octagon, nicolae_vaults_network_periphery,
          ontoclasm_vaults_chip, vaults_room_fancy_cross, vaults_room_grid,
          v_rooms_4, vaults_room_pool, ontoclasm_vaults_ring_small,
          ontoclasm_vaults_pinch, nicolae_vaults_hallways_thing,
          vaults_room_octagon, vaults_standard_mumra_lines, v_pattern_4,
          vaults_dpeg_hooks, nicolae_vaults_little_ls, layout_vaults_omnibox
Vaults:4: ebering_vaults_ghost_xom, vaults_dpeg_ring,
          hangedman_vaults_river_flow, ontoclasm_vaults_bender,
          ontoclasm_vaults_chip, v_misc_2, vaults_room_hallway,
          hangedman_vaults_corner_blocks, vaults_room_corners, v_misc_15,
          nicolae_vaults_gold_heap, layout_vaults_big_room, serial_shops, shop,
          nicolae_shop_crystal, shop_fountains, uniq_jory
Vaults:5: serial_shops
Crypt:1:  layout_chaotic_city, small_chamber_with_monster, grunt_ministairs_9,
          uniq_sojobo, uniq_boris
Crypt:2:  layout_misc_corridors, st_stairs_6, grunt_ministairs_8, minivault_23,
          uniq_mennas
Crypt:3:  church_of_pain_bobbens, layout_chaotic_city, lemuel_hellish_altar
Tomb:1
Tomb:2
Tomb:3
Depths:1: layout_cave_pools, hell_entry, minmay_three_doors
Depths:2: kennysheep_blocky_hall, layout_cave_shapes, hell_entry,
          infiniplex_staircase_pool_2
Depths:3: minmay_the_grid_octo_triangle [minmay_the_grid_octo_77,
          minmay_the_grid_octo_prize_square_snowflake,
          minmay_the_grid_octo_clover_2], layout_basic, pan_entry,
          pf_hell_entry_tar_river, abyss_entry_flame_altar, minivault_16,
          chequers_serial_rivers_small_a, wad_scary_box
Depths:4: minmay_guarded_unrand_sceptre_of_torment, layout_basic, hell_entry,
          gammafunk_ghost_icy, serial_bayou_pond_d, abyss_entry, uniq_frederick
Depths:5: grunt_bruiser_brothers, layout_small_grid, enter_ziggurat_d,
          abyss_entry, pf_coc_iceberg, minmay_misc_feat_tower, st_stairs_8
Zot:1:    layout_basic
Zot:2:    layout_misc_corridors, drop_trap
Zot:3:    layout_misc_corridors, nicolae_lava_and_water
Zot:4:    gammafunk_the_bubble [the_bubble_gammafunk_split], layout_gridlike,
          hangedman_zot_decor_checkerboard
Zot:5:    layout_twisted_circle, nrook_zot_tub

Skill      XL: |  1  2  3  4  5  6  7  8  9 10 11 12 13 14 15 16 17 18 19 20 21 22 23 24 25 26 27 |
---------------+----------------------------------------------------------------------------------+-----
Maces & Flails | 3 4 5 6 7 9 11 13 14 | 14.0
Invocations    | 4 6 7 8 9 10 11 12 | 12.8
Armour         | 7 10 11 12 13 14 15 16 17 18 19 20 21 25 | 25.2
Shields        | 5 7 8 9 10 11 12 13 14 15 16 21 | 21.5
Earth Magic    | 4 7 8 9 10 12 | 12.9
Spellcasting   | 3 4 5 6 7 8 9 10 11 12 13 16 | 16.8
Transmutations | 3 4 5 6 8 |  8.5
Dodging        | 1 3 4 5 6 7 8 9 10 11 14 | 14.3
Fighting       | 5 6 7 8 9 10 11 12 13 14 18 | 18.1
Air Magic      | 3 4 5 6 8 9 10 11 13 | 13.4
Hexes          | 3 4 6 7 8 9 |  9.0
Axes           | 3 5 6 7 9 10 11 12 13 14 15 16 | 16.4
Conjurations   | 4 6 7 12 | 12.3
Charms         | 1 5 7 9 10 13 | 13.5
Translocations | 2 |  2.8
Necromancy     | 7 |  7.3
Summonings     | 6 |  6.8

Action                   |  1- 3 |  4- 6 |  7- 9 | 10-12 | 13-15 | 16-18 | 19-21 | 22-24 | 25-27 || total
-------------------------+-------+-------+-------+-------+-------+-------+-------+-------+-------++-------
Melee: Flail             |     9 |       |    23 |    31 |    52 |       |       |       |       ||   115
       Whip              |    56 |   229 |   567 |  1289 |  1050 |    17 |       |       |       ||  3208
       Demon whip        |       |       |       |       |   991 |       |       |       |       ||   991
       Broad axe         |       |       |       |       |       |  1262 |  1328 |  1232 |  3717 ||  7539
 Cast: Passwall          |       |       |       |     1 |       |     2 |       |       |       ||     3
       Lee's Rapid Decon |       |       |       |       |       |     3 |    34 |       |    40 ||    77
       Petrify           |       |       |       |       |       |     1 |       |       |     1 ||     2
       Airstrike         |       |       |       |       |       |     2 |     1 |       |    20 ||    23
       Silence           |       |       |       |       |       |       |     1 |     3 |    13 ||    17
       Irradiate         |       |       |       |       |       |       |       |     5 |    11 ||    16
       Lightning Bolt    |       |       |       |       |       |       |       |     4 |     8 ||    12
       Deflect Missiles  |       |       |       |       |       |       |       |       |     8 ||     8
       Cause Fear        |       |       |       |       |       |       |       |       |     1 ||     1
       Iron Shot         |       |       |       |       |       |       |       |       |    37 ||    37
       Dispel Undead     |       |       |       |       |       |       |       |       |    23 ||    23
       Aura of Abjuratio |       |       |       |       |       |       |       |       |     2 ||     2
       Apportation       |       |       |       |       |       |       |       |       |     1 ||     1
       Lesser Beckoning  |       |       |       |       |       |       |       |       |     1 ||     1
Invok: Slouch            |       |       |       |       |       |     9 |     3 |    16 |    28 ||    56
       Step From Time    |       |       |       |       |       |       |       |       |     1 ||     1
 Abil: Fly               |       |       |       |       |     1 |       |       |       |     1 ||     2
       Stop Flying       |       |       |       |       |       |       |       |       |     1 ||     1
Evoke: Wand              |       |       |       |       |       |       |       |       |     4 ||     4
  Use: Potion            |       |       |     4 |     1 |       |    11 |     2 |     5 |    28 ||    51
       Scroll            |       |       |    10 |     6 |    15 |    16 |     8 |    11 |    46 ||   112
 Stab: Confused          |       |       |       |       |     2 |       |       |       |       ||     2
       Distracted        |       |       |       |       |       |       |     2 |     2 |     2 ||     6
       Paralysed         |       |       |       |       |       |       |       |       |     4 ||     4
       Fleeing           |       |       |       |       |       |       |       |       |     2 ||     2
  Eat: Chunk             |       |     6 |    10 |    10 |    17 |    11 |     7 |    10 |     6 ||    77
       Ration            |       |       |     2 |     1 |     1 |     6 |     3 |     3 |    18 ||    34
Armor: Scale mail        |    22 |    39 |       |       |       |       |       |       |       ||    61
       Plate armour      |       |    65 |   297 |   140 |   919 |   909 |   770 |   627 |   175 ||  3902
       Chain mail        |       |       |       |   398 |       |       |       |       |       ||   398
       Leather armour    |       |       |       |       |       |     3 |       |       |       ||     3
       Gold dragon scale |       |       |       |       |       |       |       |       |  1427 ||  1427
       Skin              |       |       |       |       |       |       |       |       |    14 ||    14
Dodge: Dodged            |    12 |    43 |    51 |   214 |   590 |   697 |   778 |   632 |  1676 ||  4693
       Deflected         |       |       |       |       |       |       |       |       |    55 ||    55
Block: Shield            |    25 |   101 |   200 |   583 |  1363 |  1331 |  1229 |  1045 |  1313 ||  7190
       Reflection        |       |       |       |       |       |    17 |    68 |    86 |    86 ||   257
       Large shield      |       |       |       |       |       |       |       |       |  2915 ||  2915
       Rpst.: Broad axe  |       |       |       |       |       |   160 |   116 |   118 |   292 ||   686
